 Dungeon Crawl Stone Soup version 0.23-a0-650-ga4d50d4d25 (webtiles) character file.

93 Adamkad1 the Skirmisher (level 4, 0/40 HPs)
             Began as a Formicid Abyssal Knight on Jan 4, 2019.
             Was a Believer of Lugonu.
             Slain by an orc wizard
             ... wielding a +0 dagger
              (1 damage)
             ... on level 3 of the Dungeon.
             The game lasted 00:04:18 (3060 turns).

Adamkad1 the Skirmisher (Formicid Abyssal Knight)   Turns: 3060, Time: 00:04:19

Health: 0/40       AC:  6    Str: 17    XL:     4   Next: 91%
Magic:  6/6        EV: 11    Int: 12    God:    Lugonu [**....]
Gold:   37         SH:  0    Dex:  7    Spells: 3/3 levels left

rFire    . . .     SeeInvis +   a - +1 hand axe
rCold    . . .     Gourm    .   (no shield)
rNeg     . . .     Faith    .   b - +0 leather armour
rPois    .         Spirit   .   (helmet unavailable)
rElec    .         Reflect  .   (no cloak)
rCorr    .         Harm     .   d - +2 pair of gloves
MR       +....                  (no boots)
Stlth    +.........             (no amulet)
HPRegen  0.13/turn              h - -3 ring of dexterity (curse)
MPRegen  0.10/turn              j - ring of protection from magic

@: no status effects
A: permanent stasis, dig shafts and tunnels, four strong arms, antennae 3,
hooves 1, robust 1
a: Dig, Shaft Self, Depart the Abyss, Bend Space, Renounce Religion


You were on level 3 of the Dungeon.
You worshipped Lugonu.
Lugonu was pleased with you.
You were not hungry.

You visited 1 branch of the dungeon, and saw 3 of its levels.
You visited the Abyss 1 time.

You collected 37 gold pieces.

Inventory:

Hand Weapons
 a - a +1 hand axe (weapon)
 g - a +0 antimagic whip
Armour
 b - a +0 leather armour (worn)
 d - a +2 pair of gloves (worn)
Jewellery
 h - a cursed -3 ring of dexterity (left hand)
 j - a ring of protection from magic (right hand)
 l - an uncursed ring of magical power {unknown}
 p - an uncursed amulet of rage {unknown}
Scrolls
 f - a scroll of amnesia
 m - a scroll of remove curse {unknown}
 o - a scroll of identify {unknown}
Potions
 n - a potion of agility
Comestibles
 c - 3 rations
 r - 2 chunks of flesh


   Skills:
 * Level 4.1 Fighting
 + Level 2.3 Axes
 * Level 3.2 Armour
 + Level 1.3 Dodging
 * Level 3.3 Invocations


You had 3 spell levels left.
You didn't know any spells.
Your spell library was empty.

Dungeon Overview and Level Annotations

Branches:
Dungeon (3/15)

Altars:
Zin


Innate Abilities, Weirdness & Mutations

You cannot be hasted, slowed, berserked, paralysed or teleported.
You can dig through walls and to a lower floor.
Your four strong arms can wield two-handed weapons with a shield.
You have a pair of large antennae on your head. (SInv)
You have large cloven feet.
You are robust. (+10% HP)


Message History

You feel protected.
The orc wizard hits you but does no damage.
The orc completely misses you. The orc wizard misses you.
The orc priest closely misses you.
It was a potion of magic.
Magic courses through your body.
The orc wizard hits you with a +0 dagger.
* * * LOW HITPOINT WARNING * * *
The orc hits you but does no damage. The orc priest barely misses you.
It was a potion of cancellation.
Your magical effects are unravelling.
You feel magically purged.
You feel a little less agile now.
Your resistance to elements expires.
The orc wizard barely misses you. The orc barely misses you.
The orc wizard hits you with a +0 dagger.
* * * LOW HITPOINT WARNING * * *
The orc priest barely misses you.
Are you sure you want to shaft yourself?
You feel quite a bit more hungry.
The orc wizard hits you with a +0 dagger.
You die...

...#.#.# #.... ...#รท#'#####
#.... ...........# #....
##.#.......######.. #....
...'.............{{ # #.###
##.#........#############.# #<###
............#.............#.#..o.
##..#.....#.#'###o...##.....#####
####.##.##.....@og...'.....#....
....#.##..[...o..(##... #o###
###. #.##........%.# #.# #.
#..........# #.# #......#+#...
#.# #......# #.##.. #.# #.#+####
#.# ... #.# #. #.# .. #o# #.# #
#.#


You could see an orc priest, an orc wizard, an orc and a goblin.

Vanquished Creatures
  2 gnolls
  2 adders (D:2)
  5 dart slugs
  3 bats
  3 giant cockroaches
  5 goblins
  3 hobgoblins
  3 jackals (D:2)
  6 kobolds
  4 quokkas (D:2)
  2 ball pythons
  4 frilled lizards
  3 rats
45 creatures vanquished.

Notes
Turn   | Place    | Note
-------+----------+-------------------------------------------
     0 | Abyss:1  | Adamkad1 the Formicid Abyssal Knight began the quest for
                  | the Orb.
     0 | Abyss:1  | Reached XP level 1. HP: 18/18 MP: 2/2
    64 | Abyss:1  | Found a corrupted altar of Lugonu.
    76 | Abyss:1  | Found a corrupted altar of Lugonu.
    97 | D:1      | Escaped the Abyss
   461 | D:1      | Reached skill level 1 in Dodging
   461 | D:1      | Reached XP level 2. HP: 19/24 MP: 3/3
   941 | D:1      | Reached ** piety under Lugonu
   941 | D:1      | Reached XP level 3. HP: 28/29 MP: 5/5
  1308 | D:2      | Found a glowing silver altar of Zin.
  1522 | D:2      | Reached XP level 4. HP: 37/37 MP: 6/6
  1543 | D:2      | Reached skill level 4 in Fighting
  3056 | D:3      | Gained mutation: You are robust. (+10% HP) [potion of
                  | mutation]
  3056 | D:3      | Gained mutation: You have large cloven feet. [potion of
                  | mutation]
  3058 | D:3      | HP: 2/40 [orc wizard/+0 dagger (1)]
  3060 | D:3      | Slain by an orc wizard

Vault maps used:
D:1:      dpeg_arrival_refuge
D:2:      nicolae_overflow_crystal_walls
D:3:      chequers_ecumenical_altar_simple_redux
Abyss:1:  hangedman_cross_veins

Skill      XL: |  1  2  3  4 |
---------------+-------------+-----
Dodging        | 1 |  1.3
Fighting       | 4 |  4.1
Invocations    | 3 |  3.3
Armour         | 3 |  3.2
Axes           | |  2.3

Action                   |  1- 3 |  4- 6 || total
-------------------------+-------+-------++-------
Melee: Hand axe          |   101 |    83 ||   184
       Whip              |       |    26 ||    26
Invok: Bend Space        |       |     3 ||     3
 Abil: Shaft Self        |       |     1 ||     1
  Use: Scroll            |     4 |       ||     4
       Potion            |       |     5 ||     5
  Eat: Chunk             |     2 |     5 ||     7
Armor: Leather armour    |    39 |    43 ||    82
Dodge: Dodged            |    68 |    76 ||   144

Table legend:
 A = Non-vault XP
 B = Vault XP
 C = Vault XP percentage of total XP
 D = Non-vault monster count
 E = Vault monster count
 F = Vault count percentage of total count
                 A         B        C        D         E       F
            +---------+---------+-------+---------+---------+-------
      Total |     133 |       0 |   0.0 |      45 |       0 |   0.0
            +---------+---------+-------+---------+---------+-------
        D:1 |      29 |       0 |   0.0 |      16 |       0 |   0.0
        D:2 |      74 |       0 |   0.0 |      19 |       0 |   0.0
        D:3 |      30 |       0 |   0.0 |      10 |       0 |   0.0
            +---------+---------+-------+---------+---------+-------
